 Dungeon Crawl Stone Soup version 0.31-a0-1589-g8f5e8aebd6 (webtiles) character file.

Game seed: 2770691749917539608

1542 Flugslaktarn the Toxicologist (level 8, -4/52 HPs)
             Began as an Octopode Alchemist on Jan 6, 2024.
             Slain by a wyvern (18 damage)
             ... on level 6 of the Dungeon.
             The game lasted 00:06:14 (2618 turns).

Flugslaktarn the Toxicologist (Octopode Alchemist)  Turns: 2618, Time: 00:06:15

Health: -4/52      AC:  1    Str:  7    XL:     8   Next: 87%
Magic:  4/15       EV: 13    Int: 19    God:
Gold:   261        SH:  0    Dex: 15    Spells: 8/17 levels left

rFire   . . .        l - +7 dagger of Qazlal's Reproof {freeze, Will+ Dex+2}
rCold   . . .        (no shield)
rNeg    + . .        (helmet restricted)
rPois   .            (no amulet)
rElec   .            k - ring of positive energy
rCorr   .            (no ring)
SInv    .            (no ring)
Will    +....        (no ring)
Stlth   +++          (no ring)
HPRegen 0.28/turn    (no ring)
MPRegen 0.14/turn    (no ring)
                     (no ring)

%: no passive effects
@: no status effects
A: almost no armour, amphibious, 8 rings, camouflage 1, gelatinous body 1,
(nimble swimmer 1), tentacles
a: no special abilities


You were on level 6 of the Dungeon.
You visited 1 branch of the dungeon, and saw 6 of its levels.
You also visited: Sewer.

You collected 261 gold pieces.

Inventory:

Hand Weapons
 h - a +0 falchion
   (You found it on level 2 of the Dungeon)
 l - the +7 dagger of Qazlal's Reproof (weapon) {freeze, Will+ Dex+2}
   (You found it on level 3 of the Dungeon)

   Dex+2:     It affects your dexterity (+2).
   Will+:     It increases your willpower.
 p - a +4 dagger of draining
   (You took it off Ijyb on level 5 of the Dungeon)
Missiles
 i - 3 throwing nets
Magical Staves
 j - a staff of cold
   (You found it on level 3 of the Dungeon)
Jewellery
 k - a ring of positive energy (left tentacle)
   (You found it on level 3 of the Dungeon)
Talismans
 f - a maw talisman
   (You found it on level 2 of the Dungeon)
 n - a beast talisman
   (You found it on level 4 of the Dungeon)
Wands
 o - a wand of charming (5)
   (You took it off Ijyb on level 5 of the Dungeon)
Scrolls
 g - 2 scrolls of enchant weapon
Potions
 a - a potion of magic
 c - a potion of attraction
 d - 2 potions of enlightenment
 e - a potion of lignification {unknown}
 m - a potion of haste {unknown}
 q - a potion of curing


   Skills:
 + Level 3.5 Fighting
 - Level 2.0 Dodging
 - Level 2.6 Stealth
 - Level 5.2 Spellcasting
 - Level 1.0 Conjurations
 - Level 4.0 Fire Magic
 - Level 8.8 Alchemy


You had 8 spell levels left.
You knew the following spells:

 Your Spells              Type           Power      Damage    Failure   Level
a - Sting                 Conj/Alch      92%        1d8       1%          1
b - Olgreb's Toxic Radia  Alch           38%        N/A       3%          4
c - Sticky Flame          Fire/Alch      29%        2d7       9%          4

Your spell library contained the following spells:

 Spells                   Type           Power      Damage    Failure   Level
 Mercury Vapours          Alch/Air       42%        N/A       3%          2
 Mephitic Cloud           Conj/Alch/Air  17%        N/A       10%         3
 Apportation              Tloc           8%         N/A       12%         1
 Necrotise                Necr           16%        1d4       12%         1
 Summon Small Mammal      Summ           16%        N/A       12%         1
 Dazzling Flash           Conj/Hex       12%        N/A       30%         3
 Vampiric Draining        Necr           4%         2d6       36%         3
 Martyr's Knell           Necr/Summ      4%         N/A       77%         4
 Curse of Agony           Necr           4%         N/A       98%         5
 Silence                  Hex/Air        2%         N/A       98%         5


Dungeon Overview and Level Annotations

Branches:
Dungeon (6/15)              Sewer (visited)
 Temple: D:4-7

Altars:
Gozag
Hepliaklqana
Ru
Vehumet
Xom
The Shining One

Annotations:
D:4 exclusion: downstairs


Innate Abilities, Weirdness & Mutations

You cannot wear most types of armour.
You are amphibious.
You can wear up to eight rings at the same time.
Your skin changes colour to match your surroundings (Stealth+).
Your rubbery body absorbs attacks. (AC +1, EV +1)
((You are camouflaged when in or above water. (Stealth+)))
You have tentacles for arms and can constrict up to eight enemies at once.


Message History

Aiming: Sting (safe; 1% risk of failure)
Press: ? - help, Shift-Dir - straight line, f/p - orc warrior
Aim: an orc warrior, wielding a +0 orcbow, wearing a +0 plate armour, quivering poisoned darts and carrying a wand of flame (heavily wounded, extremely poisoned, 76% to hit)
The sting hits the orc warrior but does no damage.
The orc warrior looks as sick as possible!
The orc warrior is heavily wounded.
The orc warrior looks as sick as possible!
Your toxic aura wanes.
The orc warrior throws a poisoned dart.
The poisoned dart hits you!
You are poisoned.
You feel very sick.
The orc warrior zaps a wand.
The puff of flame hits you!
Casting: Sting (safe; 1% risk of failure)
Confirm with . or Enter, or press ? or * to list all spells.
Aiming: Sting (safe; 1% risk of failure)
Press: ? - help, Shift-Dir - straight line, f/p - orc warrior
Aim: an orc warrior, wielding a +0 orcbow, wearing a +0 plate armour, quivering poisoned darts and carrying a wand of flame (severely wounded, extremely poisoned, 76% to hit)
The sting misses the orc warrior.
You feel sick.
The orc warrior shoots an arrow.
The arrow hits you!
Okay, then.
Aiming: Charm
Press: ? - help, Shift-Dir - straight line, f/p - orc warrior
Aim: an orc warrior, wielding a +0 orcbow, wearing a +0 plate armour, quivering poisoned darts and carrying a wand of flame (severely wounded, extremely poisoned, chance to affect: 49%)
The orc warrior is charmed.
You feel sick. What are your orders? t - Shout!
Orders for allies: a - Attack new target. p - Attack previous target. r - Retreat! s - Stop attacking. g - Guard the area. f - Follow me.
Anything else - Cancel.
Guard this area!
You feel sick.
You swap places.
You feel sick.
You kill your orc warrior!
Your Fighting skill increases to level 3!
You feel sick.
There is a stone staircase leading up here.
You feel sick.
You feel sick.
You are no longer poisoned.
Items here: ( )) / [.
There is a stone staircase leading up here.
You climb upwards.
There is a stone staircase leading down here.
You open the door.
There is an open door here.
There is an open door here.
There is a stone staircase leading down here.
You climb downwards.
There is a stone staircase leading up here.
Unknown command.
You now have 261 gold pieces (gained 4).
An adder comes into view.
Unknown command.
Found a scroll of identify.
Casting: Sting (safe; 1% risk of failure)
Confirm with . or Enter, or press ? or * to list all spells.
Aiming: Sting (safe; 1% risk of failure)
Press: ? - help, Shift-Dir - straight line, f - adder
Aim: an adder (asleep, 100% to hit)
The sting hits the adder.
The adder is poisoned.
The adder is heavily wounded.
The adder hisses angrily.
Casting: Sting (safe; 1% risk of failure)
Confirm with . or Enter, or press ? or * to list all spells.
Aiming: Sting (safe; 1% risk of failure)
Press: ? - help, Shift-Dir - straight line, f/p - adder
Aim: an adder (severely wounded, poisoned, 60% to hit)
The sting misses the adder.
A centaur comes into view.
You barely miss the adder.
The centaur shouts!
Your grab misses the adder.
The adder is severely wounded.
The adder barely misses you.
A wyvern comes into view.
The adder looks more healthy.
The adder completely misses you. The adder bites you but does no damage.
The adder attacks as it pursues you! The adder barely misses you.
You see here a scroll of identify.
Casting: Sting (safe; 1% risk of failure)
Confirm with . or Enter, or press ? or * to list all spells.
You begin to radiate toxic energy.
The wyvern hisses angrily.
The wyvern is poisoned.
You kill the adder!
The wyvern looks even sicker.
The wyvern bites you!
* * * LOW HITPOINT WARNING * * *
The wyvern barely misses you.
Casting: Olgreb's Toxic Radiance (dangerous; 3% risk of failure)
Confirm with . or Enter, or press ? or * to list all spells.
Aiming: Sticky Flame (dangerous; 9% risk of failure)
Press: ? - help, Shift-Dir - straight line, f - wyvern
Aim: a wyvern (lightly wounded, very poisoned)
The sticky flame hits the wyvern but does no damage.
The wyvern is lightly wounded.
The centaur is poisoned.
Your toxic aura wanes.
The wyvern burns!
The wyvern bites you!!
You die...

#..#..# #..#..# # .
#..#..#.##.# ###
######..#..#.... #<#
#.......#.......
#.####.......#...#####
.................c....
######.....###c#########
#.....# #.?@k......
#.....#############
+...........#
#.....#####.# #######


You could see a wyvern (burning, very poisoned) and a centaur (poisoned).

Vanquished Creatures
  A steam dragon (D:6)
  An orc warrior (D:6)
  A black bear (D:6)
  A crocodile (Sewer)
  An ogre (D:5)
  A phantom (D:5)
  A kobold brigand (D:5)
  A brain worm (Sewer)
  Blork the orc (D:5)
  2 scorpions
  4 hounds
  An orc priest (D:5)
  3 iguanas
  3 orc wizards (D:5)
  2 sleepcaps
  Ijyb (D:5)
  11 gnolls (D:5)
  8 adders
  A river rat (D:3)
  A ribbon worm (D:3)
  25 orcs
  6 endoplasms
  3 giant cockroaches (D:3)
  5 goblins
  3 hobgoblins
  13 jackals (D:5)
  8 kobolds
  A quokka (D:1)
  A ball python (D:3)
  7 bats
  2 rats
  A spectral kobold (D:3)
121 creatures vanquished.

Notes
Turn   | Place    | Note
-------+----------+-------------------------------------------
     0 | D:1      | Flugslaktarn the Octopode Alchemist began the quest for the
                  | Orb.
     0 | D:1      | Reached XP level 1. HP: 11/11 MP: 3/3
   100 | D:1      | Reached XP level 2. HP: 12/17 MP: 0/5
   270 | D:3      | Reached skill level 4 in Alchemy
   270 | D:3      | Reached XP level 3. HP: 21/21 MP: 2/6
   378 | D:3      | Found a glowing golden altar of the Shining One.
   379 | D:3      | Found a shimmering altar of Xom.
   380 | D:3      | Found a radiant altar of Vehumet.
   396 | D:3      | Found a faded altar of an unknown god.
   468 | D:3      | Reached XP level 4. HP: 11/27 MP: 6/8
   635 | D:3      | Reached skill level 5 in Alchemy
   940 | D:3      | Found a hazy altar of Hepliaklqana.
   952 | D:3      | Identified the +7 dagger of Qazlal's Reproof {freeze, Will+
                  | Dex+2}
  1026 | D:3      | Found a glowing drain.
  1031 | D:3      | Reached XP level 5. HP: 30/31 MP: 9/9
  1033 | Sewer    | Entered a sewer
  1057 | Sewer    | Noticed a crocodile
  1065 | Sewer    | Learned a level 4 spell: Olgreb's Toxic Radiance
  1070 | Sewer    | Learned a level 4 spell: Sticky Flame
  1081 | Sewer    | Killed a crocodile
  1082 | Sewer    | Reached skill level 6 in Alchemy
  1082 | Sewer    | Reached XP level 6. HP: 36/36 MP: 3/11
  1483 | D:4      | Found a sacrificial altar of Ru.
  1571 | D:5      | Entered Level 5 of the Dungeon
  1571 | D:5      | Noticed Blork the orc
  1768 | D:5      | Noticed Ijyb
  1805 | D:5      | Noticed a water moccasin
  1837 | D:5      | Reached skill level 7 in Alchemy
  1837 | D:5      | Reached XP level 7. HP: 31/41 MP: 2/13
  1871 | D:5      | Found an opulent altar of Gozag.
  1966 | D:5      | Killed Blork the orc
  1967 | D:5      | Reached skill level 8 in Alchemy
  2025 | D:6      | Noticed a steam dragon
  2032 | D:6      | Noticed a steam dragon
  2100 | D:5      | Reached XP level 8. HP: 20/46 MP: 7/15
  2145 | D:5      | Killed Ijyb
  2146 | D:5      | Reached skill level 5 in Spellcasting
  2220 | D:5      | Reached skill level 1 in Fire Magic
  2614 | D:6      | Noticed a wyvern
  2618 | D:6      | Slain by a wyvern

Illustrated notes

Levels and vault maps discovered:
D:1:      saegor_arrival_simple_e, layout_loops_ring
D:2:      layout_basic
D:3:      layout_basic, nicolae_hepliaklqana_monster_ancestors,
          chequers_temple_overflow_statue_of_worship, portal_sewer_entry_e,
          dreamdust_ecumenical_altar_grove, guppyfry_early_lair_pool
D:4:      layout_basic, lemuel_doored_altar, uniq_eustachio
D:5:      lemuel_castle_with_subvaults [lemuel_castle_interior_carwin_2],
          layout_gridville, mainiacjoe_overflow_alcove_1,
          mainiacjoe_overflow_alcove_4, kennysheep_generic_room_6,
          uniq_blork_the_orc, uniq_ijyb
D:6:      cheibrodos_fzero, layout_basic, serial_shops, nicolae_square_shop,
          uniq_edmund

Skill      XL: |  1  2  3  4  5  6  7  8 |
---------------+-------------------------+-----
Alchemy        | 4 5 6 7 8 |  8.8
Spellcasting   | 3 4 5 |  5.2
Fire Magic     | 4 |  4.0
Fighting       | 3 |  3.5
Dodging        | |  2.0
Stealth        | |  2.6
Conjurations   | |  1.0

Action                     |  1- 3 |  4- 6 |  7- 9 || total
---------------------------+-------+-------+-------++-------
  Melee: Unarmed           |    11 |       |       ||    11
         Tentacles         |     9 |    11 |    13 ||    33
         Constrict         |     6 |    10 |    11 ||    27
         Falchion          |    15 |     9 |       ||    24
         Dagger            |       |    37 |    54 ||    91
         Punch             |       |       |     1 ||     1
   Cast: Sting             |    21 |    35 |    35 ||    91
         Olgreb's Toxic Ra |       |     2 |    20 ||    22
         Sticky Flame      |       |       |     1 ||     1
  Evoke: Wand              |       |       |     1 ||     1
    Use: Scroll            |       |     3 |     5 ||     8
         Potion            |       |       |     4 ||     4
   Stab: Sleeping          |       |     4 |     4 ||     8
 Armour: Skin              |    13 |    23 |    49 ||    85
  Dodge: Dodged            |    24 |    28 |    41 ||    93

Table legend: (Time is in decaauts)
 A = Elapsed time spent in this place.
 B = Non-inter-level travel time spent in this place.
 C = Inter-level travel time spent in this place.
 D = Time resting spent in this place.
 E = Time spent auto-exploring this place.
 F = Levels seen in this place.
 G = Mean time per level.
                   A        B        C        D        E       F      G
               +--------+--------+--------+--------+--------+-----+--------+
         Total |   2629 |   2476 |    153 |     35 |   1174 |   7 |  375.6 |
       Dungeon |   2511 |   2358 |    153 |     15 |   1130 |   6 |  418.5 |
         Sewer |    118 |    118 |      0 |     20 |     44 |   1 |  118.0 |
               +--------+--------+--------+--------+--------+-----+--------+

Top non-repeatable levels by time:
     D:3: 1034 daAuts
     D:5: 710 daAuts
     D:4: 355 daAuts
     D:1: 157 daAuts
     D:6: 150 daAuts
   Sewer: 118 daAuts
     D:2: 103 daAuts
